 Dungeon Crawl Stone Soup version 0.27.1-33-g824d729ab1 (webtiles) character file.

Game seed: 12797908084659536618

173191 raph the Devastator (level 18, 0/103 HPs)
             Began as a Tengu Fire Elementalist on Dec 21, 2021.
             Was an Elder of Sif Muna.
             Slain by a merfolk javelineer (1 damage)
             ... while petrified by a catoblepas
             ... on level 4 of the Shoals.
             The game lasted 02:15:28 (79009 turns).

raph the Devastator (Tengu Fire Elementalist)      Turns: 79009, Time: 02:15:28

Health: 0/103      AC: 23    Str: 11    XL:     18   Next: 4%
Magic:  31/35      EV:  2    Int: 23    God:    Sif Muna [****..]
Gold:   523        SH:  0    Dex: 16    Spells: 2/41 levels left

rFire    + . .     SeeInvis .   a - +8 lance "Wyrmbane" {slay drac, rPois rF+ rC+ AC+3}
rCold    + + .     Faith    .   A - +2 buckler
rNeg     + + +     Spirit   .   R - +1 acid dragon scales
rPois    ∞         Reflect  .   I - +2 hat {Stlth+}
rElec    .         Harm     .   N - +2 cloak {Will+}
rCorr    +         Rampage  .   h - +1 pair of gloves
Will     +++..                  (boots unavailable)
Stlth    +++.......             x - amulet of the acrobat
HPRegen  0.27/turn              E - +4 ring of protection
MPRegen  0.24/turn              m - ring "Dohotsod" {Wiz Contam rC+ Will+ Str+3}

@: petrified, spiked, flying quickly and evasively, studying Unarmed Combat,
quick
A: beak, talons 3, nimble flight
a: Renounce Religion, Channel Magic, Forget Spell, Divine Exegesis


You were on level 4 of the Shoals.
You worshipped Sif Muna.
Sif Muna was greatly pleased with you.
You visited 6 branches of the dungeon, and saw 31 of its levels.
You also visited: Sewer.

You collected 2840 gold pieces.
You spent 2317 gold pieces at shops.

Inventory:

Hand Weapons
 a - the +8 lance "Wyrmbane" (weapon) {slay drac, rPois rF+ rC+ AC+3}
   (You bought it in a shop on level 11 of the Dungeon)

   It inflicts extra damage against dragons and draconians.
   AC:        It affects your AC (+3).
   rF:        It protects you from fire.
   rC:        It protects you from cold.
   rPois:     It protects you from poison.
 b - the +11 hand crossbow "Tacy" {freeze, +Blink rC+ Str+6}
   (You found it on level 11 of the Dungeon)

   Any ammunition fired from it freezes those it strikes, dealing additional
   cold damage.
   It can also slow down cold-blooded creatures.
   Str:       It affects your strength (+6).
   rC:        It protects you from cold.
   +Blink:    It lets you blink.
 w - the +10 spear "Concordance" {holy, SInv}
   (You found it on level 1 of the Spider Nest)

   It has been blessed by the Shining One to cause great damage to the undead
   and demons.
   SInv:      It lets you see invisible.
 K - a +2 demon trident of venom
 S - a +0 demon trident of electrocution
Missiles
 o - 2 throwing nets
 V - 168 bolts
Armour
 f - a scarf of shadows
 h - a +1 pair of gloves (worn)
 A - a +2 buckler (worn)
 I - a +2 hat of stealth (worn)
 N - a +2 cloak of willpower (worn)
 R - +1 acid dragon scales (worn)
Jewellery
 m - the ring "Dohotsod" (right hand) {Wiz Contam rC+ Will+ Str+3}
   (You acquired it on level 3 of the Dungeon)

   [ring of wizardry]

   It improves your spell success rate.
   Str:       It affects your strength (+3).
   rC:        It protects you from cold.
   Contam:    It causes magical contamination when unequipped.
   Will:      It increases your willpower.
 x - an amulet of the acrobat (around neck)
 E - a +4 ring of protection (left hand)
 F - a ring of protection from cold
 H - an amulet of regeneration
Wands
 d - a wand of flame (29)
 e - a wand of polymorph (12)
 j - a wand of charming (15)
 u - a wand of iceblast (27)
 G - a wand of mindburst (34)
 O - a wand of digging (4)
 W - a wand of acid (9)
Scrolls
 g - 4 scrolls of amnesia
 t - a scroll of immolation
 v - 2 scrolls of torment
 y - 8 scrolls of teleportation
 C - 6 scrolls of enchant weapon
 J - a scroll of blinking
 L - a scroll of magic mapping
 P - 16 scrolls of identify
 Q - a scroll of silence
 U - 5 scrolls of fog
Potions
 c - a potion of magic
 i - 10 potions of curing
 k - 2 potions of brilliance
 l - 7 potions of berserk rage
 n - 5 potions of attraction
 p - 5 potions of cancellation
 q - 6 potions of mutation
 r - 5 potions of haste
 s - 3 potions of invisibility
 z - 2 potions of resistance
 B - a potion of heal wounds
 D - 4 potions of ambrosia
 M - a potion of might


   Skills:
 - Level 8.2 Fighting
 - Level 2.9 Maces & Flails
 - Level 12.0 Polearms
 - Level 6.8 Armour
 - Level 7.2 Dodging
 - Level 2.0 Stealth
 - Level 4.0 Shields
 + Level 12.1 Spellcasting
 + Level 17.1 Conjurations
 - Level 7.0 Summonings
 + Level 15.2 Fire Magic
 - Level 11.8 Invocations
 - Level 2.4 Evocations


You had 2 spell levels left.
You knew the following spells:

 Your Spells              Type           Power      Damage    Failure   Level
a - Foxfire               Conj/Fire      100%       2x1d9     0%          1
b - Iskenderun's Mystic   Conj/Tloc      52%        2d11      1%          4
c - Sticky Flame          Conj/Fire      73%        2d9       1%          4
d - Fireball              Conj/Fire      36%        3d15      1%          5
e - Mephitic Cloud        Conj/Pois/Air  40%        N/A       1%          3
f - Bolt of Magma         Conj/Fire/Erth 29%        4d13      1%          5
g - Lightning Bolt        Conj/Air       26%        1d42      2%          5
h - Starburst             Conj/Fire      36%        6d11      1%          6
i - Inner Flame           Hex/Fire       49%        N/A       1%          3
j - Swiftness             Air            13%        N/A       9%          3

Your spell library contained the following spells:

 Spells                   Type           Power      Damage    Failure   Level
 Shock                    Conj/Air       100%       1d9       1%          1
 Summon Small Mammal      Summ           100%       N/A       1%          1
 Beastly Appendage        Tmut           26%        N/A       2%          1
 Sting                    Tmut/Pois      52%        1d5       2%          1
 Ensorcelled Hibernation  Hex/Ice        26%        N/A       4%          2
 Slow                     Hex            13%        N/A       4%          2
 Sublimation of Blood     Necr           6%         N/A       4%          2
 Wereblood                Tmut           13%        N/A       4%          2
 Call Canine Familiar     Summ           46%        N/A       1%          3
 Conjure Flame            Conj/Fire      73%        6-21      1%          3
 Dazzling Flash           Conj/Hex       100%       N/A       1%          3
 Ignite Poison            Fire/Tmut/Pois 37%        N/A       1%          3
 Stone Arrow              Conj/Erth      100%       3d13      1%          3
 Summon Guardian Golem    Hex/Summ       30%        N/A       1%          3
 Fulminant Prism          Conj/Hex       26%        3d14      1%          4
 Irradiate                Conj/Tmut      26%        3d22      2%          5
 Freezing Cloud           Conj/Ice/Air   20%        6-21      7%          5
 Confusing Touch          Hex            13%        N/A       9%          3
 Gell's Gravitas          Tloc           6%         N/A       9%          3
 Lesser Beckoning         Tloc           6%         N/A       9%          3
 Spider Form              Tmut/Pois      6%         N/A       9%          3
 Teleport Other           Tloc           13%        N/A       9%          3
 Vampiric Draining        Necr           6%         2d6       9%          3
 Conjure Ball Lightning   Conj/Air       26%        3x3d7     12%         6
 Spellforged Servitor     Conj/Summ      31%        N/A       16%         7
 Shadow Creatures         Summ           N/A        N/A       22%         6
 Airstrike                Air            6%         N/A       26%         4
 Animate Dead             Necr           6%         N/A       26%         4
 Cause Fear               Hex            6%         N/A       26%         4
 Borgnjor's Vile Clutch   Necr/Erth      6%         N/A       56%         5
 Lee's Rapid Deconstruct  Erth           6%         3d7*      56%         5
 Yara's Violent Unravell  Hex/Tmut       6%         3d5       56%         5
 Summon Hydra             Summ           23%        N/A       75%         7
 Death Channel            Necr           6%         N/A       98%         6
 Dispersal                Tloc           6%         N/A       98%         6
 Haunt                    Necr/Summ      15%        N/A       99%         7
 Malign Gateway           Summ/Tloc      15%        N/A       99%         7
 Storm Form               Tmut/Air       6%         N/A       100%        7
 Infestation              Necr           6%         N/A       100%        8


Dungeon Overview and Level Annotations

Branches:
Dungeon (15/15)            Temple (1/1) D:7            Lair (6/6) D:8
 Shoals (4/4) Lair:4       Spider (3/4) Lair:2        Slime (0/5) Lair:6
    Orc (2/2) D:12            Elf (0/3) Orc:2        Vaults (0/5) D:14
 Depths (0/5) D:15          Sewer (visited)

Altars:
Ashenzari
Cheibriados
Dithmenos
Elyvilon
Fedhas
Gozag
Hepliaklqana
Kikubaaqudgha
Makhleb
Nemelex Xobeh
Okawaru
Qazlal
Ru
Sif Muna
Trog
Uskayaw
Vehumet
Wu Jian
Xom
Yredelemnul
Zin
The Shining One
Jiyva

Shops:
D:3 [   D:5 ?   D:11 *((=[   Orc:2 !:[   Shoals:1 ?   Shoals:2 !   Shoals:3 ?

Annotations:
D:6 exclusion: downstairs
Lair:5 2 transporters, exclusion: ice statue, diceflayer's ghost, journeyman MiFi
Shoals:3 exclusion: kraken
Shoals:4 Polyphemus
Spider:1 2 transporters, FLACIDUS's ghost, adept DECj


Innate Abilities, Weirdness & Mutations

You have a beak for a mouth.
You have claws for feet.
Your magical nature lets you fly swiftly and evasively.


Message History

You are engulfed in calcifying dust.
A tentacle rises from the water!
The merfolk javelineer hits you but does no damage.
The merfolk javelineer hits you from afar with a +0 spear of venom.
* * * LOW HITPOINT WARNING * * *
The manticore flicks its tail.
The volley of spikes hits you.
The barbed spikes become lodged in your body.
The manticore bites you!
* * * LOW HITPOINT WARNING * * *
The manticore claws you but does no damage. x2
The water nymph touches you.
* * * LOW HITPOINT WARNING * * *
Your magical contamination has completely faded away.
You are engulfed in calcifying dust.
The merfolk javelineer hits you but does no damage. x2
The manticore barely misses you.
The manticore claws you but does no damage. x2
The catoblepas gores you but does no damage.
The water nymph touches you.
* * * LOW HITPOINT WARNING * * *
You are engulfed in calcifying dust.
The merfolk javelineer hits you from afar with a +3 vampiric spear!
* * * LOW HITPOINT WARNING * * *
The merfolk javelineer hits you from afar with a +0 spear of venom.
* * * LOW HITPOINT WARNING * * *
The manticore bites you but does no damage.
The manticore claws you but does no damage.
The manticore claws you!
* * * LOW HITPOINT WARNING * * *
The manticore bites you.
The manticore claws you but does no damage. x2
The catoblepas gores you. The tentacle slaps you.
* * * LOW HITPOINT WARNING * * *
The water nymph touches you.
The water nymph is no longer petrified.
The tentacle slaps you but does no damage.
The merfolk javelineer hits you from afar with a +3 vampiric spear!
* * * LOW HITPOINT WARNING * * *
The merfolk javelineer hits you from afar with a +0 spear of venom.
You die...

*......≈≈≈≈≈≈§≈≈≈≈≈≈≈≈P,,,,,,,≈≈≈
*....(..≈≈≈≈≈≈≈.........,,,,,,≈**
*......§................,,,,,,*,,
*.......§.).............,,≈≈≈*,,*
*PP........k≈≈≈.........,≈≈≈*,,,,
,..P.......≈≈m≈...?.....,≈≈≈*,*,≈
,..##......≈≈≈Y──.......,≈≈≈*,,≈≈
≈.,...######.≈≈CHw......≈≈≈≈*,,*≈
,,...#*≈.≈≈≈#/mm@....≈≈≈≈≈≈≈*≈,,≈
,..≈#*≈.≈m≈#/#mH≈.§§.≈≈≈≈≈≈,**≈,,
,..≈*≈,≈#≈≈≈#.#....≈§≈≈≈≈≈≈****≈≈
,,≈≈*≈,≈w≈≈w..#...≈≈≈≈≈≈≈≈,**,***
,≈,≈*≈,≈##wX..#≈≈≈≈≈≈≈≈≈≈≈,,,,,,,
,≈≈≈*≈,,≈#≈#..#≈≈≈≈≈≈≈≈≈≈≈,,,,,,,
,≈≈≈*≈*,,≈≈..≈#≈≈≈≈≈≈≈≈≈≈≈≈≈≈≈,,*
,≈≈≈**≈*,,,,≈*#≈≈≈≈≈≈≈≈≈≈≈≈,≈≈≈,,
,,≈≈≈**≈≈≈≈≈**≈≈≈≈≈≈≈≈≈≈≈≈≈,≈≈≈≈≈


You could see a kraken, Polyphemus, 2 merfolk javelineers, a catoblepas, a wind
drake (repels missiles, petrified), 2 manticores, 3 tentacles and 2 water
nymphs.

Vanquished Creatures
  Rupert (Lair:2)
  Kirke (Shoals:2)
  Gastronok (Lair:2)
  2 orc warlords
  Aizul (Shoals:2)
  3 emperor scorpions
  A spark wasp (Spider:2)
  3 entropy weavers
  A merfolk javelineer (Shoals:3)
  4 merfolk impalers
  Josephine (D:10)
  A great orb of eyes (D:15)
  2 rakshasas (D:15)
  2 boulder beetles
  A vault guard (D:14)
  2 ghost crabs (Spider:1)
  A catoblepas (Lair:5)
  12 hydras
  A merfolk avatar (Shoals:2)
  3 centaur warriors (D:15)
  A merfolk aquamancer (Shoals:4)
  A death knight (D:12)
  4 two-headed ogres
  A satyr (Shoals:3)
  8 death yaks
  A tengu warrior (D:15)
  An orc high priest (Orc:2)
  Nergalle (D:11)
  3 skeletal warriors (D:13)
  4 sea snakes
  2 phantasmal warriors (D:11)
  16 orb spiders
  Pikel (D:6)
  A deep elf pyromancer (D:12)
  24 wolf spiders
  2 orc knights (Orc:2)
  10 cyclopes
  6 orc sorcerers
  14 fauns
  9 manticores
  8 ugly things
  11 elephants
  8 water nymphs
  Maurice (D:11)
  4 merfolk sirens
  4 orange demons (D:13)
  3 black mambas
  A torpor snail (Spider:1)
  An eye of devastation (shapeshifter) (D:15)
  3 gargoyles
  Maggie (D:10)
  Joseph (D:7)
  3 unseen horrors
  21 cane toads
  A rime drake (Lair:4)
  Psyche (D:10)
  13 demonic crawlers
  2 tengu conjurers
  2 ice devils (D:12)
  2 freezing wraiths
  A komodo dragon (shapeshifter) (D:15)
  6 komodo dragons
  16 merfolk
  4 red devils (D:13)
  31 jumping spiders
  A queen bee (shapeshifter) (D:15)
  10 tyrant leeches
  4 meliai (D:14)
  A polar bear (Lair:3)
  3 hornets
  4 trolls
  Grinder (D:4)
  A queen bee (D:10)
  7 wind drakes
  7 slime creatures
  23 blink frogs
  6 snapping turtles
  A meliai zombie (D:10)
  5 dream sheep (Shoals:3)
  Sigmund (D:4)
  2 shadows
  56 redbacks
  3 wyverns
  4 wraiths
  29 tarantellas
  A vampire (D:12)
  30 yaks
  6 hogs (Shoals:2)
  A redback simulacrum (D:15)
  A basilisk (D:11)
  18 vampire mosquitoes
  Menkaure (D:4)
  A warg (D:12)
  6 water moccasins
  3 acid dragons
  A meliai simulacrum (D:14)
  An ice beast (D:7)
  27 orc warriors
  A black bear (D:8)
  6 ogres
  9 centaurs
  11 wolves
  A lemure (D:5)
  A kobold brigand (Sewer)
  2 gnoll sergeants
  Blork the orc (D:6)
  20 bullfrogs
  2 wyvern zombies
  A wyvern skeleton (D:6)
  A water moccasin zombie (D:5)
  14 killer bees
  4 wights
  3 electric eels
  5 howler monkeys
  4 centaur zombies
  A bullfrog zombie (D:6)
  A hound (D:6)
  18 orc priests
  Crazy Yiuf (D:4)
  4 iguanas
  Ijyb (D:3)
  36 orc wizards
  A killer bee zombie (D:9)
  A howler monkey zombie (D:5)
  A howler monkey skeleton (D:6)
  9 gnolls
  3 adders
  4 river rats (Sewer)
  A shadow imp (D:7)
  An ufetubus (D:4)
  An adder skeleton (D:5)
  2 worms (D:3)
  2 dart slugs
  73 orcs
  8 bats
  10 endoplasms
  3 giant cockroaches
  13 goblins
  12 hobgoblins
  22 kobolds
  2 quokkas
  9 ball pythons
  5 frilled lizards
  29 rats
929 creatures vanquished.

Vanquished Creatures (collateral kills)
  3 ugly things (D:15)
  6 foxfires
9 creatures vanquished.

Vanquished Creatures (others)
  2 jumping spiders
  A redback (Spider:3)
  A tarantella (Spider:1)
  An orc wizard (Orc:1)
  936 foxfires
  43 fungi
  188 plants
  4 tentacles (Shoals:4)
1176 creatures vanquished.

Grand Total: 2114 creatures vanquished

Notes
Turn   | Place    | Note
-------+----------+-------------------------------------------
     0 | D:1      | raph the Tengu Fire Elementalist began the quest for the
                  | Orb.
     0 | D:1      | Reached XP level 1. HP: 10/10 MP: 4/4
    92 | D:1      | Reached skill level 2 in Conjurations
   159 | D:1      | Reached XP level 2. HP: 15/15 MP: 0/6
   749 | D:1      | Found a faded altar of an unknown god.
   798 | D:1      | Reached XP level 3. HP: 19/19 MP: 3/7
   819 | D:1      | Reached skill level 3 in Conjurations
  1897 | D:2      | Learned a level 3 spell: Conjure Flame
  2036 | D:2      | Reached XP level 4. HP: 20/24 MP: 5/8
  2555 | D:3      | Found Zatek's Antique Armour Boutique.
  2683 | D:3      | Bought a pair of gloves for 103 gold pieces
  2940 | D:3      | Noticed Ijyb
  2945 | D:3      | Killed Ijyb
  2946 | D:3      | Reached skill level 4 in Conjurations
  3108 | D:3      | Gained mutation: Your magical nature lets you fly swiftly
                  | and evasively. [Tengu growth]
  3108 | D:3      | Reached XP level 5. HP: 28/28 MP: 3/9
  3167 | D:3      | Learned a level 4 spell: Sticky Flame
  3187 | D:3      | Identified a scroll of acquirement
  3187 | D:3      | Acquired the ring "Dohotsod" {Wiz Contam rC+ Will+ Str+3}
  3490 | D:4      | Noticed an ogre
  3497 | D:4      | Killed an ogre
  3498 | D:4      | Reached skill level 5 in Fire Magic
  3677 | D:4      | Found a glowing drain.
  3681 | Sewer    | Entered a sewer
  3737 | Sewer    | Reached XP level 6. HP: 32/32 MP: 8/11
  3871 | Sewer    | Reached skill level 5 in Conjurations
  6297 | D:4      | Noticed Sigmund
  6302 | D:4      | Killed Sigmund
  6303 | D:4      | Reached skill level 6 in Conjurations
  6303 | D:4      | Reached XP level 7. HP: 36/36 MP: 5/13
  6318 | D:4      | Noticed Grinder
  6325 | D:4      | Killed Grinder
  6474 | D:4      | Found a runed translucent door.
  6481 | D:4      | Learned a level 5 spell: Fireball
  6481 | D:4      | Noticed Crazy Yiuf
  6492 | D:4      | Killed Crazy Yiuf
  6574 | D:4      | Noticed Menkaure
  6580 | D:4      | Killed Menkaure
  6581 | D:4      | Reached skill level 7 in Conjurations
  6581 | D:4      | Reached XP level 8. HP: 22/41 MP: 7/15
  6981 | D:4      | Learned a level 3 spell: Mephitic Cloud
  6992 | D:5      | Entered Level 5 of the Dungeon
  7645 | D:5      | Found Inasuq's Magic Scroll Boutique.
  7650 | D:5      | Bought 2 scrolls of identify for 56 gold pieces
  7650 | D:5      | Bought a scroll of identify for 28 gold pieces
  7801 | D:6      | Found a hide-covered altar of Uskayaw.
  7806 | D:6      | You are sucked into a shaft and drop 1 floor!
  7808 | D:7      | Reached skill level 1 in Shields
  7814 | D:7      | Noticed Joseph
  8414 | D:6      | Noticed Pikel
  8726 | D:6      | Noticed Blork the orc
  8729 | D:6      | Killed Blork the orc
  9218 | D:6      | Reached skill level 5 in Spellcasting
  9366 | D:6      | Killed Pikel
  9367 | D:6      | Reached skill level 1 in Fighting
  9367 | D:6      | Reached skill level 8 in Conjurations
  9367 | D:6      | Reached XP level 9. HP: 38/48 MP: 1/18
  9793 | D:7      | Found a staircase to the Ecumenical Temple.
  9809 | Temple   | Entered the Ecumenical Temple
  9979 | D:7      | Killed Joseph
 10238 | Temple   | Became a worshipper of Sif Muna the Loreminder
 11029 | D:7      | Learned a level 3 spell: Inner Flame
 11353 | D:8      | Reached XP level 10. HP: 56/56 MP: 9/20
 11384 | D:8      | Reached skill level 9 in Conjurations
 12328 | D:8      | Reached * piety under Sif Muna
 12329 | D:8      | Reached skill level 5 in Dodging
 12671 | D:8      | Found a staircase to the Lair.
 12933 | Lair:1   | Entered Level 1 of the Lair of Beasts
 13270 | D:8      | Reached skill level 1 in Invocations
 13865 | Lair:1   | Noticed a five-headed hydra
 14102 | Lair:1   | Killed a five-headed hydra
 14158 | Lair:1   | Reached skill level 5 in Invocations
 14171 | Lair:1   | Reached XP level 11. HP: 29/61 MP: 4/21
 15031 | D:5      | Bought a scroll of blinking for 105 gold pieces
 15135 | Lair:2   | Found a hole to the Spider Nest.
 17268 | Lair:2   | Noticed Gastronok
 17364 | Lair:2   | Killed Gastronok
 17880 | Lair:3   | Identified the +6 mace of Uzisoa {freeze, rPois rC+ Dex+4}
 18069 | Lair:3   | Noticed a five-headed hydra
 18083 | Lair:3   | Killed a five-headed hydra
 18084 | Lair:3   | Reached skill level 10 in Conjurations
 18228 | Lair:3   | Learned a level 3 spell: Call Canine Familiar
 18923 | Lair:4   | Found a staircase to the Shoals.
 19232 | Lair:4   | Reached XP level 12. HP: 66/67 MP: 17/23
 19436 | Lair:3   | Reached skill level 5 in Armour
 19436 | Lair:3   | Reached skill level 1 in Summonings
 19858 | Lair:4   | Found a glowing golden altar of the Shining One.
 20966 | Lair:5   | Noticed a four-headed hydra
 21019 | Lair:5   | Killed a four-headed hydra
 21020 | Lair:5   | Reached skill level 5 in Fighting
 21642 | Lair:5   | Found a transporter.
 21643 | Lair:5   | Noticed diceflayer's ghost (journeyman MiFi)
 21681 | Lair:5   | Noticed a catoblepas
 21708 | Lair:5   | Killed a catoblepas
 21899 | Lair:5   | Found a transporter.
 22591 | Lair:5   | Reached skill level 11 in Conjurations
 23231 | Lair:6   | Entered Level 6 of the Lair of Beasts
 23231 | Lair:6   | Found a viscous altar of Jiyva.
 23231 | Lair:6   | Found a staircase to the Slime Pits.
 24279 | D:9      | Learned a level 3 spell: Gell's Gravitas
 24539 | D:9      | Reached skill level 10 in Fire Magic
 24663 | D:9      | Noticed a two-headed ogre
 24668 | D:9      | Killed a two-headed ogre
 25212 | D:10     | Entered Level 10 of the Dungeon
 25325 | D:10     | Noticed Psyche
 25329 | D:10     | Killed Psyche
 25600 | D:10     | Reached XP level 13. HP: 65/73 MP: 6/25
 25746 | D:10     | Reached skill level 1 in Maces & Flails
 25879 | D:10     | Noticed Josephine
 25907 | D:10     | Killed Josephine
 25908 | D:10     | Reached skill level 10 in Invocations
 26183 | D:10     | Reached ** piety under Sif Muna
 26885 | D:10     | Noticed Maggie
 26896 | D:10     | Killed Maggie
 27586 | D:11     | Found Ijempuf's Jewellery Boutique.
 27600 | D:11     | Found Voddat's Antique Armour Shoppe.
 27921 | D:11     | Found Xeosuq's Assorted Antiques.
 28038 | D:11     | Found Uvosesim's Weapon Boutique.
 28060 | D:11     | Noticed Maurice
 28069 | D:11     | Killed Maurice
 28070 | D:11     | Noticed Nergalle
 28079 | D:11     | Killed Nergalle
 28283 | D:11     | Reached skill level 12 in Conjurations
 28924 | D:11     | Identified the +11 hand crossbow "Tacy" {freeze, +Blink rC+
                  | Str+6}
 29825 | D:11     | Found Veular's Weapon Emporium.
 29909 | D:11     | Reached skill level 5 in Summonings
 30505 | D:12     | Found a staircase to the Orcish Mines.
 31805 | D:11     | Reached skill level 13 in Conjurations
 32024 | D:12     | Reached XP level 14. HP: 76/80 MP: 2/26
 32783 | D:12     | Found a white marble altar of Elyvilon.
 32882 | Orc:1    | Entered Level 1 of the Orcish Mines
 32907 | Orc:1    | Noticed an orc warlord
 33391 | D:12     | Reached *** piety under Sif Muna
 34271 | D:12     | Killed an orc warlord
 34272 | D:12     | Reached skill level 1 in Evocations
 36474 | Orc:1    | Noticed an orc warlord
 36495 | Orc:1    | Killed an orc warlord
 36924 | Orc:2    | Entered Level 2 of the Orcish Mines
 37380 | Orc:2    | Reached **** piety under Sif Muna
 39496 | Orc:2    | Found Innaott's Book Shop.
 39496 | Orc:2    | Found Qosell's Armour Shop.
 39497 | Orc:2    | Found Oluf Harph's Distillery.
 39519 | Orc:2    | Found Zeun's Weapon Boutique.
 39898 | Orc:2    | Found a staircase to the Elven Halls.
 40178 | D:11     | Bought the +8 lance "Wyrmbane" {slay drac, rPois rF+ rC+
                  | AC+3} for 969 gold pieces
 40178 | D:11     | Found the +8 lance "Wyrmbane" {slay drac, rPois rF+ rC+
                  | AC+3}
 40261 | Orc:2    | Reached skill level 1 in Polearms
 42431 | Lair:5   | Learned a level 3 spell: Teleport Other
 42488 | Lair:5   | Reached skill level 5 in Polearms
 44847 | Orc:2    | Bought a book of Spectacle for 416 gold pieces
 44854 | Orc:2    | Learned a level 4 spell: Iskenderun's Mystic Blast
 45363 | Lair:6   | Reached XP level 15. HP: 86/86 MP: 3/27
 47262 | Lair:6   | Reached skill level 10 in Polearms
 50848 | D:14     | Found a blossoming altar of Fedhas.
 51996 | D:14     | Found a gate to the Vaults.
 52627 | D:15     | Entered Level 15 of the Dungeon
 53038 | D:15     | Reached skill level 14 in Conjurations
 55175 | D:15     | Found a staircase to the Depths.
 55718 | Shoals:1 | Entered Level 1 of the Shoals
 56061 | Shoals:1 | Reached XP level 16. HP: 87/93 MP: 11/29
 57093 | Shoals:1 | Learned a level 5 spell: Bolt of Magma
 57669 | Shoals:1 | Acquired a +0 cloak of willpower
 57706 | Shoals:1 | Found Illi's Magic Scroll Shoppe.
 57714 | Shoals:1 | Bought a scroll of amnesia for 56 gold pieces
 57714 | Shoals:1 | Bought a scroll of teleportation for 48 gold pieces
 58047 | Shoals:2 | Noticed Aizul
 58054 | Shoals:1 | HP: 3/93 [poisoned by a sea snake]
 58725 | Shoals:2 | Killed Aizul
 59180 | Shoals:2 | Noticed Kirke
 59191 | Shoals:2 | Killed Kirke
 59413 | Shoals:2 | Found Kudiqi's Distillery.
 59421 | Shoals:2 | Bought a potion of magic for 104 gold pieces
 59421 | Shoals:2 | Bought a potion of heal wounds for 65 gold pieces
 59421 | Shoals:2 | Bought a potion of heal wounds for 65 gold pieces
 59421 | Shoals:2 | Bought a potion of haste for 130 gold pieces
 60483 | Shoals:3 | Learned a level 3 spell: Swiftness
 60740 | Shoals:3 | Found Ufutaxuw's Magic Scroll Shoppe.
 62204 | Shoals:3 | Reached skill level 10 in Spellcasting
 62204 | Shoals:3 | Reached skill level 15 in Conjurations
 62759 | Shoals:3 | Noticed a kraken
 63753 | Orc:2    | Bought a +1 pair of gloves for 172 gold pieces
 63972 | Spider:1 | Entered Level 1 of the Spider Nest
 66577 | Spider:1 | Noticed Rupert
 66795 | Lair:2   | Killed Rupert
 67068 | Spider:1 | Reached XP level 17. HP: 61/97 MP: 9/32
 67952 | Spider:1 | Reached ***** piety under Sif Muna
 68830 | Spider:1 | Noticed an Executioner
 68880 | Spider:1 | Noticed FLACIDUS's ghost (adept DECj)
 68942 | Spider:1 | Found a transporter.
 68946 | Spider:1 | Found a transporter.
 69382 | Spider:1 | Identified the +10 spear "Concordance" {holy, SInv}
 69955 | Spider:1 | Received a gift from Sif Muna
 69958 | Spider:1 | Got Sif Muna's Disquisition on Enchantment and Lightness
                  | {god gift}
 70031 | Spider:1 | Learned a level 5 spell: Lightning Bolt
 71185 | Spider:1 | Reached skill level 16 in Conjurations
 73593 | Spider:2 | Acquired the Incunabulum of Attacks and Air
 73625 | Spider:3 | Received a gift from Sif Muna
 73626 | Spider:3 | Got Histeaca's Disquisition on Moulding and Orientation
                  | {god gift}
 76246 | Spider:3 | Reached skill level 15 in Fire Magic
 77084 | Spider:3 | Learned a level 6 spell: Starburst
 77420 | Shoals:4 | Entered Level 4 of the Shoals
 77757 | Shoals:4 | Reached skill level 17 in Conjurations
 77761 | Shoals:4 | Identified the +10 eveningstar of Ivvuh Luy {venom, *Slow
                  | Will+++ rCorr Stlth+}
 77950 | Shoals:4 | Reached XP level 18. HP: 80/103 MP: 2/35
 78993 | Shoals:4 | Noticed Polyphemus
 79008 | Shoals:4 | HP: 5/103 [manticore (3)]
 79009 | Shoals:4 | HP: 1/103 [merfolk javelineer (4)]
 79009 | Shoals:4 | Slain by a merfolk javelineer

Illustrated notes

Levels and vault maps discovered:
D:1:      saegor_arrival_simple_a, layout_basic,
          ebering_ecumenical_altar_sacrificial, minmay_tromino_mix6
D:2:      layout_loops_ring, kennysheep_crisscross
D:3:      kennysheep_the_goblin_king, layout_basic, serial_shops,
          nicolae_shop_waterfront
D:4:      layout_cave_pools, gup_sewer_entry_bowl, uniq_grinder, uniq_sigmund,
          uniq_menkaure, uniq_crazy_yiuf_cottage
D:5:      layout_basic, serial_shops, kennysheep_little_box
D:6:      layout_gridville, overflow_temple_1_default, uniq_pikel,
          uniq_blork_the_orc
D:7:      layout_rooms, temple_pool_b, wad_mini_maze, uniq_joseph
D:8:      layout_rooms, lair_entry_dummy
D:9:      layout_grid_maze, serial_rivers, chequers_serial_rivers_room_b,
          chequers_serial_rivers_small_3, chequers_serial_rivers_large_a,
          chequers_serial_rivers_room_a, nrook_pool_corridor, minmay_microvault
D:10:     layout_roguey, minmay_misc_feat_encased,
          chequers_serial_rivers_room_b, nicolae_looking_at_the_future,
          uniq_maggie, uniq_psyche, uniq_josephine
D:11:     kennysheep_ambush_hall, layout_basic, serial_shops,
          nicolae_diamond_shop, shop_fountains, shop, shop,
          nicolae_shop_competitors_out_of_business, uniq_maurice, uniq_nergalle
D:12:     layout_rooms, orc_0_dummy, portal_ice_cave_demonic_guard,
          nicolae_elyvilon_temple_path
D:13:     layout_cross, serial_bayou_pond_e, minmay_beelzebubs_servants
D:14:     layout_roguey, david_vaults_5, patterned_corridor, fedhas_altar_3
D:15:     gammafunk_enter_depths_forms, layout_cave_pools, serial_bayou_pond_a
Temple:   kilobyte_greek_temple
Lair:1:   layout_regular_city
Lair:2:   layout_cave_pods, spider_nest_entry_a, chequers_serial_rivers_small_b,
          uniq_gastronok
Lair:3:   layout_chaotic_city
Lair:4:   layout_layer_cave, shoals_dummy_entry, basic_altar, minivault_11
Lair:5:   layout_gridlike, nzn_ghost_randoct
Lair:6:   minmay_lair_end_frog_pond, layout_gridlike, slime_altar_1
Shoals:1: layout_shoals, serial_shops, nicolae_shop_behind_doors,
          nicolae_shoals_dead_sea_scrolls
Shoals:2: layout_shoals, serial_shops, shop, uniq_aizul, uniq_kirke
Shoals:3: layout_shoals, serial_shops, shop
Shoals:4: shoals_end_hangedman, layout_shoals, uniq_polyphemus
Spider:1: nicolae_spider_hilbert_zone_1 [nicolae_spider_hilbert_4_sides_1_open,
          nicolae_spider_hilbert_4_sides_1_open,
          nicolae_spider_hilbert_4_sides_1_open,
          nicolae_spider_hilbert_4_sides_1_open,
          nicolae_spider_hilbert_3_sides_1_open,
          nicolae_spider_hilbert_3_sides_1_open,
          nicolae_spider_hilbert_3_sides_1_open,
          nicolae_spider_hilbert_3_sides_1_open,
          nicolae_spider_hilbert_3_sides_1_open,
          nicolae_spider_hilbert_6_sides_1_open,
          nicolae_spider_hilbert_6_sides_1_open,
          nicolae_spider_hilbert_3_sides_1_open,
          nicolae_spider_hilbert_3_sides_1_open,
          nicolae_spider_hilbert_3_sides_1_open,
          nicolae_spider_hilbert_3_sides_1_open,
          nicolae_spider_hilbert_2_sides_1_open],
          gammafunk_ghost_abyssal_escape, nicolae_spider_swamp_cousins,
          uniq_rupert
Spider:2: nicolae_spider_mines_1
Spider:3: layout_chambers, hangedman_spider_tarantella_strand,
          nicolae_spider_cling_halls
Orc:1:    layout_caves, minmay_orc_barracks, uniq_erolcha
Orc:2:    st_orc_mages, layout_diamond_mine

Skill      XL: |  1  2  3  4  5  6  7  8  9 10 11 12 13 14 15 16 17 |
---------------+----------------------------------------------------+-----
Conjurations   | 2 3 4 6 7 8 9 10 11 13 14 15 17 | 17.1
Fire Magic     | 4 5 6 7 8 9 10 11 12 13 15 | 15.2
Spellcasting   | 3 4 5 6 7 8 10 12 | 12.1
Shields        | 4 |  4.0
Fighting       | 1 3 4 5 6 7 8 |  8.2
Armour         | 2 3 4 6 |  6.8
Dodging        | 3 4 5 6 7 |  7.2
Invocations    | 5 9 10 11 | 11.8
Summonings     | 3 5 7 |  7.0
Maces & Flails | 2 |  2.9
Evocations     | 2 |  2.4
Polearms       | 8 12 | 12.0
Stealth        | |  2.0

Action                   |  1- 3 |  4- 6 |  7- 9 | 10-12 | 13-15 | 16-18 || total
-------------------------+-------+-------+-------+-------+-------+-------++-------
Melee: Dagger            |    17 |    12 |    32 |    82 |       |       ||   143
       Kick              |     5 |     7 |     5 |    45 |   107 |    80 ||   249
       Peck              |     4 |       |     2 |    25 |    65 |    47 ||   143
       Mace              |       |       |       |    63 |   148 |       ||   211
       Lance             |       |       |       |       |   173 |   281 ||   454
 Cast: Foxfire           |    74 |   169 |    47 |    56 |   131 |    73 ||   550
       Conjure Flame     |     1 |       |     6 |     2 |       |       ||     9
       Sticky Flame      |       |     1 |    12 |    69 |   181 |   105 ||   368
       Fireball          |       |       |    33 |   125 |   347 |   279 ||   784
       Inner Flame       |       |       |       |     3 |     5 |     2 ||    10
       Mephitic Cloud    |       |       |       |     2 |     1 |       ||     3
       Gell's Gravitas   |       |       |       |       |    13 |       ||    13
       Teleport Other    |       |       |       |       |     1 |       ||     1
       Shadow Creatures  |       |       |       |       |     1 |       ||     1
       Call Canine Famil |       |       |       |       |     1 |       ||     1
       Bolt of Magma     |       |       |       |       |       |    77 ||    77
       Swiftness         |       |       |       |       |       |     2 ||     2
       Iskenderun's Myst |       |       |       |       |       |    47 ||    47
       Lightning Bolt    |       |       |       |       |       |     1 ||     1
Invok: Channel Magic     |       |       |       |     4 |    11 |     7 ||    22
       Forget Spell      |       |       |       |       |     1 |       ||     1
       Divine Exegesis   |       |       |       |       |     1 |       ||     1
 Abil: Evoke Blink       |       |       |       |       |     2 |       ||     2
Evoke: Wand              |       |       |     1 |       |    19 |     6 ||    26
  Use: Scroll            |       |    11 |    10 |     6 |    11 |    10 ||    48
       Potion            |       |       |     1 |     4 |     8 |     4 ||    17
 Stab: Sleeping          |       |       |     1 |       |       |       ||     1
       Distracted        |       |       |       |     1 |       |       ||     1
       Invisible         |       |       |       |       |     1 |       ||     1
Armor: Robe              |     4 |     1 |     5 |    54 |     1 |       ||    65
       Acid dragon scale |       |       |       |       |   202 |   351 ||   553
Dodge: Dodged            |    18 |    30 |    31 |   195 |   499 |   585 ||  1358
Block: Buckler           |       |       |    11 |   115 |   229 |   248 ||   603
